[Event "44th Chess Olympiad Open 2022"]
[Site "Chennai"]
[Date "2022.08.06"]
[Round "8.44"]
[White "Cawdery, Daniel"]
[Black "Blackburn, Jonathan L B"]
[Result "1-0"]
[WhiteElo "2417"]
[BlackElo "2176"]
[Annotator "TA"]
[PlyCount "65"]
[EventDate "2022.??.??"]
[TimeControl "60"]

1. e4 e6 2. d4 d5 3. e5 c5 4. c3 Bd7 5. Nf3 Nc6 6. Be2 f6 7. O-O fxe5 8. Nxe5 Nxe5 9. dxe5 Qc7 10.
Nd2 {[%emt 0:07:22] 10.Re1 is a critical line. C02: French: Advance Variation.}
Ne7 {[%emt 0:05:33][%cal Yg8e7,Ye7c6,Yc6d4] [#]} 11. b4 $146 (
{Predecessor:} 11. f4 g5 12. fxg5 Qxe5 13. Bh5+ Ng6 14. Nf3 Qc7 15. Qe2 O-O-O
16. Bxg6 hxg6 17. Ne5 {1-0 (39) Monroy,C (2427)-Leccia,T (1707) Europe Echecs
INT 2020}) 11... cxb4 12. cxb4 {[%emt 0:00:00] The position
is equal.} Nc6 13. b5 Nd4 14. Bb2 Qxe5 (14... Nxe2+ $11 15. Qxe2 Qc2)
15. Bh5+ g6 16. Nc4 (16. Bg4
$5 Bg7 17. Rb1 $11 (17. Re1 Qd6 $11)) 16... Qxh5 (16... dxc4 $11 {remains equal.} 17. Bxd4 Qxh5 18. Qxh5 gxh5 19. Bxh8 Bxb5)
17. Qxd4 $16 Rg8 {[%emt 0:07:48] [#]} 18. Ne5 {[%emt 0:01:55]
White has strong compensation.} Bd6 {[%emt 0:02:56] [#]} 19. Rfe1 Rf8 20. f4 {[%emt 0:06:13] Active counter play!} (20. g3
$16 Qg5 21. a4 (21. Nxd7 Kxd7 22. b6 a5 $11)) 20... Qf5 $11 (
20... Bxb5 21. a4 Rc8 22. Ba3 (22. axb5 Bc5 $17) 22... Bxa3 23. Rxa3 $16) 21.
g3 {[%emt 0:03:39] Strongly threatening a4.} ({Of course not} 21. Nxd7 Kxd7 22.
g3 g5 23. Qg7+ Be7 $17) 21... Bxb5 (21... g5 $11 {keeps the
balance.} 22. Nc4 Be7) 22. a4 $16 b6 $2 {[%emt 0:06:36] Loses
the game.} (22... Bc6 $16 {is more resistant.}) 23. Ba3 $18 ({
Not} 23. axb5 $2 Bc5 24. Nf3 Qg4 $19) 23... Bxa3 24. Rxa3 Bc4 (24... Bd7 $142 25. a5 b5) 25. a5 ({Worse is} 25. Nxc4 dxc4 26. Rae3 Rf6 $11) 25... Ke7 26. axb6 axb6 27. Rxa8 Rxa8 28. Qxb6 {[%emt 0:00:04] White threatens Qb7+ and
mate.} Ra2 29. Rb1 {[%emt 0:05:27] White mates.} Kf8 30. Qd8+ Kg7 31. Rb7+ Kh6 32. Qh4+ {[%emt 0:00:07] Skewer} Qh5 33. Ng4# {[%emt 0:00:02] Weighted Error Value: White=0.14 (very precise) /
Black=0.83} 1-0

[Event "44th Chess Olympiad Open 2022"]
[Site "Chennai"]
[Date "2022.08.06"]
[Round "8.44"]
[White "Kobese, Watu"]
[Black "Pleasants, Allan J"]
[Result "1-0"]
[WhiteElo "2311"]
[BlackElo "2024"]
[Annotator "RC"]
[PlyCount "105"]
[EventDate "2022.??.??"]
[TimeControl "60"]

1. e4 g6 2. d4 Bg7 3. Nf3 d6 4. Nc3 Nf6 5. h3 O-O 6. Be3 a6 7. a4 b6 8. Bd3 Bb7 9. Qd2 Nbd7 10. Bh6 e5 11. Bxg7 Kxg7 12. dxe5 Nxe5 13. h4 Nxf3+ 14. gxf3 Nh5 15. O-O-O Qf6 16. Ne2 b5 17. a5 Rae8 18. Ng3 Nxg3 19. fxg3 h6 20. Rhf1 Qd4 21. h5 g5 22. Kb1 b4 23. f4 f6 24. Qe2 Qc5 25.
e5 dxe5 26. fxg5 hxg5 27. Be4 Bc8 28. Rd5 Qe7 29. Qe3 Rd8 30.
Rxd8 Rxd8 31. Bd3 Bb7 32. Qa7 e4 33. Bc4 Bd5 34. Be2 Bf7 35.
Qxa6 Rd2 36. Kc1 e3 37. h6+ Kh7 38. Bd3+ Bg6 39. Bxg6+ Kxg6 40. h7 Kxh7 41. Rxf6 Rh2 42. Qd3+ Kh8 43. Rf1 e2 44. Re1 c5 45. Kd2 c4 46. Qxc4 Qd8+ 47. Ke3 Qxa5 48. Qd4+ Kg8 49. Rxe2 Rh7 50. Kd2 b3+ 51. c3 Rf7 52. Re5 Rf2+ 53. Ke3 1-0

[Event "44th Chess Olympiad Open 2022"]
[Site "Chennai"]
[Date "2022.08.06"]
[Round "8.44"]
[White "Toczek, Grzegorz"]
[Black "Solomon, Kenny"]
[Result "1/2-1/2"]
[WhiteElo "2287"]
[BlackElo "2355"]
[Annotator "TA"]
[PlyCount "89"]
[EventDate "2022.??.??"]
[TimeControl "60"]

1. e4 c5 2.
Nf3 d6 3. d4 cxd4 4. Nxd4 Nf6 5. Nc3 a6 6. h4 {[%emt 0:01:19] B90: Sicilian Najdorf: Unusual White
6th moves, 6 Be3 Ng4 and 6 Be3 e5.} e5 7. Nb3 Be6 8. f4 {[%emt 0:00:33] White is slightly better.} b5 9. f5 Bc8 10. a4 b4 11. Nd5 Nbd7 (11...
Nxe4 $2 12. Qf3 Bxf5 13. Bd3 $18) 12. Bg5 Bb7 13. Bc4 Be7 {[%emt 0:00:54] [#]} 14. g3 $146 ({Predecessor:} 14. Qd3 O-O 15. Bxf6 Nxf6 16. Nxf6+ Bxf6 17. O-O-O Bxh4 18. Bd5
Bg5+ 19. Kb1 Qc7 20. f6 gxf6 {1-0 (35) Shukhman,A (1986)-Getman,T (2271)
Moscow 2021}) 14... Rc8 (14... Bxd5 $5 15. Bxd5 (15. exd5 Nb6
$15) 15... Rc8 16. Bxf6 Nxf6 $15) 15. Bxf6 Nxf6 16. Nxf6+ Bxf6 17. Qd3 O-O (17... Qc7 {looks sharper.} 18. Bxa6 Bxa6 19.
Qxa6 Qxc2 20. Qb5+ Ke7) 18. Rh2 $2 {[%emt 0:01:20] [#]} (18. O-O-O $11) 18...
d5 $1 $19 19. Bxa6 {[%emt 0:09:28] [#]} Bxa6 (19... Qb6 $1 $19 20. Bxb7 Qg1+ 21. Qf1 Qxh2 22. Bxc8 Qxg3+ 23. Qf2 Qg4) 20.
Qxa6 $11 dxe4 21. Rd2 {[%emt 0:00:00]
Against Qd7} (21. Rd1 $11 Qe7 22. a5) 21... Qc7 $17 22. Qe2 e3 23. Qxe3 e4 $1 24. Kf2 (24. Nd4 $142) 24... Bxb2 25.
Rad1 Qe5 {[%emt 0:01:44] And now ...Rc3 would win.} 26. Qf4 Qxf4+ 27. gxf4 Rfe8 (27... h5 $17 28. Rd5 Rxc2+ 29. R1d2 Rxd2+ 30. Nxd2 Bf6) 28. Re2 $15 Kf8 (28... h5 $15) 29. h5 $11 Rc6 30. Kg3 Bc3 31. a5 Bf6 32. Rd5 Rec8 33. Nd4 Rc3+ 34. Kg4 Ra3 ({Better is} 34... e3 $11) 35. Nb3 $1 $14 Ra2 36. Rc5 (36. Nc5 $16) 36... Re8 (36... Rxc5 $1 $11 37. Nxc5 Be7) 37. Rc4 Bc3 38. Rcxe4 Rxe4 39. Rxe4 {[%emt 0:00:
01] Strongly threatening Nc5.} Rxc2 {[%emt 0:00:13] Endgame KRB-KRN} 40. Nc5 {
[%emt 0:00:57] White threatens Nd7+ and mate.} (40. a6 $5 ) 40...
f6 (40... g6 $1 $11) 41. Ne6+ Kf7 {[%emt 0:
05:54] The position is equal.} 42. Nd8+ Kf8 43. Ne6+ Kf7 44. Nd8+ Kf8 45. Ne6+ {[%emt 0:00:19] Weighted Error Value: White=0.28 
(precise) /Black=0.29 (precise)} 1/2-1/2

[Event "44th Chess Olympiad Open 2022"]
[Site "Chennai"]
[Date "2022.08.06"]
[Round "8.44"]
[White "Kett, Tim"]
[Black "Barrish, Daniel"]
[Result "1-0"]
[WhiteElo "2197"]
[BlackElo "2283"]
[Annotator "NA RC"]
[PlyCount "61"]
[EventDate "2022.??.??"]
[TimeControl "60"]

1. e4 c5 2. Nf3 d6 3. d4 cxd4 4. Nxd4 Nf6 5. Nc3 a6 6. Bg5 e6 7. f4 Be7 8. Qf3 Qc7 9. O-O-O Nbd7 10. Bd3 b5 11. Rhe1 Bb7 12. Qg3 b4 13.
Nd5 exd5 14. e5 dxe5 15. fxe5 Ne4 16. Bxe4 dxe4 17. Bxe7 Qxe5 18. Qxe5 Nxe5 19. Nf5 g6 20. Bf6 gxf5 21. Bxh8 Nd7 22. Rf1 Ke7 23. Bd4 Ke6 24. Rf4 Rg8 25. g3 Rg4 26. Rdf1 Rg5 27. Rh4 Nf8 28. Rh6+ Rg6 29. Rh5 Kd5 30. Be3 Bc8 31. Rd1+ 1-0

[Event "44th Chess Olympiad Open 2022"]
[Site "Chennai"]
[Date "2022.08.06"]
[Round "8.45"]
[White "Eiti, Bashir"]
[Black "Degenbaev, Aziz"]
[Result "1-0"]
[WhiteElo "2337"]
[BlackElo "2215"]
[Annotator "RC"]
[PlyCount "67"]
[EventDate "2022.??.??"]
[TimeControl "60"]

1. d4 Nf6 2. Bf4 c5 3. c3 g6 4. dxc5 Bg7 5. Nd2 O-O 6. e4 Nc6 7. Be2 a5 8. Ngf3 a4 9. a3 b6 10. cxb6 d6 11. Nc4 Nxe4 12. Qd5 Nxc3 13. Qxc6 Bd7 14. Qb7 Rb8 15. Qc7 Qe8 16. bxc3 Bxc3+ 17. Bd2 Bxa1 18. b7 Qd8 19. Qxd8 Rfxd8 20. O-O Bf6 21. Na5 Bb2 22. Bb4 Rf8 23. Rb1 Bf6 24. Ba6 Bf5 25. Re1 Bd7 26. Rc1 Rfd8 27. Nc6 Bxc6 28. Rxc6 Kg7 29. Rc8 Bb2 30. Nd2 Kf6 31. Rxd8 Rxd8 32. Nc4 Bd4 33. Na5 Bb6 34. Nc6 1-0

[Event "44th Chess Olympiad Open 2022"]
[Site "Chennai"]
[Date "2022.08.06"]
[Round "8.45"]
[White "Markov, Mikhail"]
[Black "Chekh Adm Khedr, Aram"]
[Result "1-0"]
[WhiteElo "2333"]
[BlackElo "2147"]
[Annotator "RC"]
[PlyCount "47"]
[EventDate "2022.??.??"]
[TimeControl "60"]

1. c4 e5 2. a3 b5 3. cxb5 d5 4. d4 e4 5. Nc3 a6 6. Bf4 Nf6 7. e3 Be7 8.
bxa6 O-O 9. Bb5 Bd6 10. Bxd6 Qxd6 11. b4 Nxa6 12. Bxa6 Rxa6 13. Na4 Bg4 14. Qb3 Nh5 15. Nc3 Rc6 16. b5 Rc4 17. Nxe4 Qe7 18. Nd2 Rxd4 19. Ngf3 Rxd2 20. Nxd2 Nf4 21. O-O Nxg2 22. Kxg2 Qh4 23. e4 Qg5 24. Qg3 1-0

[Event "44th Chess Olympiad Open 2022"]
[Site "Chennai"]
[Date "2022.08.06"]
[Round "8.45"]
[White "Zhakshylykov, Erzhan"]
[Black "Koniahli, Malek."]
[Result "0-1"]
[WhiteElo "2332"]
[BlackElo "2238"]
[Annotator "RC"]
[PlyCount "96"]
[EventDate "2022.??.??"]
[TimeControl "60"]

1. d4 d5 2. c4 c6 3. Nc3 Nf6 4. cxd5 cxd5 5. Nf3 Nc6 6. Bf4 a6 7. Rc1 Bf5 8. e3 e6 9. Qb3 Ra7 10. Ne5 Nxe5 11. Bxe5 Nd7 12. Bg3 Be7 13. Be2 O-O 14. O-O Nf6 15. Bh4 b5 16. Bxf6 Bxf6 17. a4 bxa4 18. Nxa4 e5 19. dxe5 Bxe5 20. Rfd1 Be6 21. Nc5 Qf6 22. Qb6 Raa8 23. b3 d4 24. e4 Rad8 25. Nd3 Rb8 26. Qxa6 Rxb3 27. g3 Bb8 28. Qa5 Qg6 29. e5 Qe4 30. Qd2 Ra3 31. Re1 Ra2 32. Qf4 Qa8 33. Bf3 Qa3 34. Qe4 g6 35. g4 Rd8 36. Nf4 d3 37. Nxe6 d2 38.
Nxd8 dxc1=Q 39. Rxc1 Qxc1+ 40. Kg2 Qc5 41. Qf4 Qxf2+ 42. Kh3 Ra7 43. Nc6 Ra3 44. Ne7+ Kf8 45. Nxg6+ hxg6 46. Qb4+ Kg7 47. Qxa3 Bxe5 48. Bg2 Qf4 0-1

[Event "44th Chess Olympiad Open 2022"]
[Site "Chennai"]
[Date "2022.08.06"]
[Round "8.45"]
[White "Fandi, Mazen."]
[Black "Abdyjapar, Asyl"]
[Result "0-1"]
[WhiteElo "1715"]
[BlackElo "2306"]
[Annotator "RC"]
[PlyCount "102"]
[EventDate "2022.??.??"]
[TimeControl "60"]

1. e4 c6 2. d4 d5 3. exd5 cxd5 4. Bd3 Nc6 5. c3 Qc7 6. Nf3 Bg4 7. O-O e6 8. h3 Bh5 9. Be3 Nf6 10. Nbd2 Bg6 11. Qb1 Bd6 12. Re1 O-O 13. Bxg6 hxg6 14. Qd3 b5 15. b4 a5 16. a3 Rab8 17. Nb3 Ne4 18. Nc5 Bxc5 19. dxc5 Rfd8 20. a4 bxa4 21. b5 Ne7 22. b6 Qc8 23. Qb5 f6 24. c4 Qc6 25. Qxc6 Nxc6 26. Nd4 Nxd4 27. Bxd4 e5 28. c6 exd4 29. c7 Rdc8 30. cxb8=Q Rxb8 31. cxd5 Nc5 32. Red1 Rxb6 33. Rxd4 Nb3 34. Raxa4 Nxd4 35. Rxd4 Kf7 36.
Kf1 Ra6 37. Ke2 a4 38. Rd2 a3 39. Ra2 Ke7 40. Kd3 Kd6 41. Kc4 g5 42. Kb5 Ra8 43. Kc4 f5 44. Kb3 Kxd5 45. Rd2+ Ke4 46. Ka2 Ra6 47. Re2+ Kd3 48. Re5 g6 49. g4 f4 50. f3 Kd2 51. Re8 Rc6 0-1

[Event "44th Chess Olympiad Open 2022"]
[Site "Chennai"]
[Date "2022.08.06"]
[Round "8.46"]
[White "Saraci, Nderim"]
[Black "Rehan, Deng Cypriano"]
[Result "1/2-1/2"]
[WhiteElo "2495"]
[BlackElo "2105"]
[Annotator "TA"]
[PlyCount "134"]
[EventDate "2022.??.??"]
[TimeControl "60"]

1. c4 e5 2. g3 Nf6 3. Bg2 d5 4.
cxd5 Nxd5 5. Nf3 Nc6 6. Nc3 Be6 7. O-O Be7 8. Qc2 {[%emt 0:06:42] [#] A29: English Opening:
Four Knights Variation with 4 g3.} (8. d4 $14) 8... Qd7 $146 (
{Predecessor:} 8... O-O 9. Nxd5 Bxd5 10. d3 f5 11. a3 f4 12. b4 Kh8 13. Bb2 Bf6
14. Rac1 Rc8 {½-½ (29) Avalos,K-Liao,J Lima 2002}) 9. b3 f6 10. Bb2 {[%emt 0:04:35] Black is slightly better.} Ndb4 11. Qc1 a5 (11... O-O-O $15)
12. Rd1 Nd4 13. Nxd4 exd4 14. Na4 d3 (14...
Rb8 $11) 15. Nc5 ({White should try} 15. Bxb7 $14 dxe2 16.
Bxa8 exd1=N 17. Qxd1) 15... Bxc5 $11 16. Qxc5 dxe2 17. Qh5+ Qf7 18. Qxe2 {
[%emt 0:00:15] [#] And now Re1 would win.} O-O 19. Bc3 Bd5 20. Bxb4 axb4 21. Qb5 Rfd8 22. Bxd5 Qxd5 23. Qxb4 Qf3 (23... Rd7 $14) 24. Qc4+ Rd5 25. Qxc7 h5 (25... Rd4 $16) 26. Qc3 $2 (26. Qxb7 $18 Rxa2 27. h4 (27. Rf1 Rxa1 28. Rxa1 Qf5 $16)) 26... Rd3 $1 $14 27. Qc4+ Kh8 28. b4 b5 29. Qf4 (29. Qxb5 $16 {Threatens
to win with Qc4.} Rxa2 30. Qe8+ (30. Qxd3 Qxd3 31. Rxa2 h4 $11) 30... Kh7 31.
Qe1 (31. Rxa2 Qxd1+ 32. Kg2 Qf3+ 33. Kg1 Qd1+ 34. Kg2 Qf3+ 35. Kg1 Qd1+ $11)
31... Rxa1 32. Rxa1) 29... Qxf4 $11 {[%emt 0:00:52] The position is equal.} 30.
gxf4 {[%emt 0:00:01] Endgame KRR-KRR} Rad8 31. Rac1 R8d4 $1 32. Rc5 Rxb4 33. Rxh5+ Kg8 34. f5 Rb2 35. Re1 Rd8 {[%emt 0:00:00] Against Re8+} ({
Resist} 35... Rbxd2 36. Re8+ Kf7 37. Rhh8 $16) 36. Re7 Rbxd2 ({Don't play} 36... Rdxd2 37. Re8+ Kf7 38. Rhh8 $16) 37. Rh3 R2d7 38. Re6 Rd5 39. Rf3 Kf7 40. Rb6 R8d6 41. Rb7+ Rd7 42. Rb8 Rd8 43. Rxd8 Rxd8 {[%emt 0:
00:01] KR-KR} 44. Kg2 b4 45. Rb3 Rd2 46. Rxb4 {[%emt 0:00:00] [#] Hoping for a4.} Rxa2 47. Kg3 Kg8 48. h4 Kh7 49. Rb8 Ra1 50.
Rb3 Rg1+ 51. Kh3 Rf1 52. Kg2 Ra1 53. Rb5 Rc1 54. Rb4 Rc5 55.
Rf4 Rc3 56. f3 Rc2+ 57. Kg3 Rc5 58. Kg4 Rc1 59. Rd4 Rg1+ 60.
Kf4 Re1 61. Rd8 Rh1 62. Kg3 Rg1+ 63. Kh2 Re1 64. f4 Re3 65. h5 Rf3 66. Rd4 Ra3 67. Rd8 Rf3 {[%emt 0:00:00] Weighted Error
Value: White=0.15 (very precise) /Black=0.10 (very precise)} 1/2-1/2

[Event "44th Chess Olympiad Open 2022"]
[Site "Chennai"]
[Date "2022.08.06"]
[Round "8.46"]
[White "Makolli, Perparim"]
[Black "Peter Majur Manyang"]
[Result "1-0"]
[WhiteElo "2247"]
[BlackElo "2095"]
[Annotator "RC"]
[PlyCount "121"]
[EventDate "2022.??.??"]
[TimeControl "60"]

1. e4 c5 2. Nf3 e6 3. d4 cxd4 4. Nxd4 a6 5. Bd3 Nf6 6. Qe2 Nc6 7. Nxc6 dxc6 8. e5 Nd7 9. O-O Qc7 10. f4 Nc5 11. Nc3 Bd7 12. Be3 Nxd3 13.
cxd3 c5 14. Qf2 Be7 15. Rac1 O-O 16. Ne4 b6 17. b4 Bb5 18. Rfd1 Rad8 19. bxc5 bxc5 20. Nxc5 Bxc5 21. Bxc5 Rfe8 22. Bb6 Qe7 23. Bxd8 Rxd8 24. d4 g6 25. h3 Qd7 26. Qf3 Qa7 27. Qe4 Qb6 28. Kh2 Ba4 29. Rd2 Qb4 30. Qe3 Qe7 31. Rc5 Rb8 32. Qa3 Bc6 33. d5 exd5 34. Qc3 Bd7 35. Rcxd5 Be6 36. Rd6 h5 37. Rxa6 Kh7 38. Rc6 Rb1 39. Qc5 Qh4 40. Qf2 Qe7 41. Rdd6 Bf5 42. Ra6 Rb7 43. Ra8 Rd7 44. Rxd7 Qxd7 45. Ra7 Qd5 46. Qe3 Be6 47. a4 Qa2 48. Qg3 Qc4 49. a5 Qc5 50. Ra8 Bd5 51. Rd8 Qxa5 52. Qg5 Qa2 53. e6 Bxg2 54. Qxg2 Qxe6 55. Qb2 g5 56. Rh8+ Kg6 57. Rg8+ Kf5 58. Rxg5+ Kxf4 59. Qd2+ Ke4 60. Qe2+ Kf4 61. Qxe6 1-0

[Event "44th Chess Olympiad Open 2022"]
[Site "Chennai"]
[Date "2022.08.06"]
[Round "8.46"]
[White "Gong Thon Gong"]
[Black "Saraci, Korab"]
[Result "0-1"]
[WhiteElo "2176"]
[BlackElo "2287"]
[Annotator "NA RC"]
[PlyCount "118"]
[EventDate "2022.??.??"]
[TimeControl "60"]

1. e4 c5 2. Nf3 d6 3. d4 cxd4 4. Nxd4 Nf6 5. Nc3 g6 6. Bc4 Nc6 7. Nxc6 bxc6 8. e5 Ng4 9. exd6 Qxd6 10. Qe2 Bf5 11. h3 Ne5 12. Bb3 Bg7 13.
O-O O-O 14. Bf4 g5 15. Bg3 Qf6 16. f4 Ng6 17. fxg5 Qxg5 18. Kh2 e6 19. Rad1 h5 20. Ne4 Qh6 21. Nd6 h4 22. Nxf5 hxg3+ 23. Nxg3 Bxb2 24. Ne4 Be5+ 25. Kh1 Rad8 26. Nf6+ Bxf6 27. Rxf6 Rxd1+ 28.
Qxd1 Qg5 29. Qf1 Kg7 30. Rf3 Ne5 31. Rc3 Rd8 32. Qe1 Kf8 33.
Rg3 Qf4 34. Qe3 Rd4 35. Qxf4 Rxf4 36. Re3 Nd7 37. Kg1 Nb6 38. g3 Rd4 39. Rc3 Rd6 40. Kf2 Ke7 41. Rc5 Rd2+ 42. Ke3 Rh2 43. h4 Kd6 44. Ra5 Rxc2 45. Rxa7 Rc3+ 46. Kf2 c5 47. h5 c4 48. Bd1 Rc1 49. Bf3 c3 50. h6 c2 51. Be4 Rf1+ 52. Kxf1 c1=Q+ 53. Kg2 f5 54. Bxf5 exf5 55. h7 Qb2+ 56. Kh3 Qh8 57. Kh4 Nd7 58.
Ra6+ Ke5 59. Rh6 Nf6 0-1

[Event "44th Chess Olympiad Open 2022"]
[Site "Chennai"]
[Date "2022.08.06"]
[Round "8.46"]
[White "Madol Garang Panthoum"]
[Black "Asllani, Muhamet"]
[Result "0-1"]
[WhiteElo "1985"]
[BlackElo "2235"]
[Annotator "NA RC"]
[PlyCount "138"]
[EventDate "2022.??.??"]
[TimeControl "60"]

1. e4 d5 2. exd5 Qxd5 3. Nf3 Nf6 4. d4 c6 5. Nc3 Qa5 6. Bc4 Bg4 7. O-O e6 8. Re1 Be7 9. h3 Bh5 10. Be2 Nbd7 11. Bd2 Qb6 12. Na4 Qc7 13. c4 O-O 14. Ne5 Nxe5 15. dxe5 Qxe5 16. Bxh5 Qxh5 17. Qb3 b5 18. Nc3 Rab8 19. cxb5 cxb5 20. Bf4 Rb6 21. Re5 Qg6 22. Rxb5 Rxb5 23. Qxb5 Ne4 24. Nxe4 Qxe4 25. Be3 Ra8 26. Rd1 a6 27. Qd3 Qb4 28. Qd4 Qa5 29. Qc4 h6 30. Rd7 Bf6 31. b4 Qe5 32. Qd4 Qb5 33. Qd6 a5 34. Qc7 axb4 35. Qb7 Qxb7 36. Rxb7 Bc3 37. Bc5 Rxa2 38. Bxb4 Ra1+ 39. Kh2 Be5+ 40. g3 Rb1 41. Rb6 Bd4 42. Rb8+ Kh7 43. Bd6 Rxb8 44. Bxb8 Bxf2 45. Kg2 Bd4 46. Kf3 Kg6 47. Ke4 Bb2 48. Bc7 h5 49. h4 f5+ 50. Kf4 Bf6 51. Bb8 Kf7 52. Bd6 Ke8 53. Bc7 Kd7 54. Bb8 Kc6 55.
Ba7 Kd5 56. Bb8 g6 57. Bc7 e5+ 58. Kf3 g5 59. hxg5 Bxg5 60. Bb6 h4 61. gxh4 Bxh4 62. Be3 Be7 63. Bh6 Kd4 64. Ke2 Ke4 65. Bc1 Bc5 66. Bd2 f4 67. Bc3 Bd4 68. Bd2 f3+ 69. Kf1 Kd3 0-1

[Event "44th Chess Olympiad Open 2022"]
[Site "Chennai"]
[Date "2022.08.06"]
[Round "8.47"]
[White "Guzman, Christopher"]
[Black "Rocha, Maximiliano"]
[Result "1-0"]
[WhiteElo "2243"]
[BlackElo "2117"]
[Annotator "NA RC"]
[PlyCount "89"]
[EventDate "2022.??.??"]
[TimeControl "60"]

1. d4 Nf6 2. c4 e6 3. Nc3 d5 4. cxd5 exd5 5. Bg5 Be7 6. Nf3 c6 7. Qc2 Nbd7 8. e3 Nh5 9. Bxe7 Qxe7 10. Be2 Nhf6 11. a3 Ne4 12. Nxe4 dxe4 13. Nd2 Nf6 14. b4 Bd7 15. O-O O-O 16. Rfc1 Rfe8 17. Qc5 Nd5 18. Qxe7 Rxe7 19. Rab1 f5 20. Bc4 Kf8 21. Bxd5 cxd5 22. Rc5 Be6 23. Nf1 Ke8 24. Ng3 Rc8 25. Rbc1 Kd8 26. h4 b6 27. Rxc8+ Bxc8 28. Nh5 Bb7 29. Nf4 Kd7 30. Rc3 Kd6 31. f3 Ba6 32. fxe4 fxe4 33. Kf2 Bc4 34. Kg3 Rf7 35. Kg4 Rf6 36. Kg5 Ke7 37. Kg4 Kd6 38. Kh3 Rh6 39. Kg3 Rf6 40. Kf2 Rf8 41. g4 Ke7 42. Kg3 Kf6 43.
Rc2 g5 44. hxg5+ Ke7 45. g6 1-0

[Event "44th Chess Olympiad Open 2022"]
[Site "Chennai"]
[Date "2022.08.06"]
[Round "8.47"]
[White "Camacho Campusano, David Daniel"]
[Black "Espinoza Solano, Jose Nahum"]
[Result "0-1"]
[WhiteElo "2221"]
[BlackElo "2093"]
[Annotator "NA RC"]
[PlyCount "58"]
[EventDate "2022.??.??"]
[TimeControl "60"]

1. e4 e5 2. Nf3 Nc6 3. Bc4 Bc5 4. Nc3 Nf6 5. d3 h6 6. a3 a6 7. O-O d6 8. Be3 O-O 9. Ne2 Bg4 10. Ng3 Nd4 11. Bxd4 Bxd4 12. c3 Bb6 13. h3 Be6 14. Bb3 Nh7 15. Bc2 Qf6 16. Qe2 g6 17. Rad1 Ng5 18. Nxg5 hxg5 19. Nh1 Kg7 20. g4 Rh8 21. Kg2 Rxh3 22. Kxh3 Qf4 23. Kg2 Rh8 24. d4 Bxg4 25. Qxg4 Qxg4+ 26. Ng3 exd4 27. cxd4 Qf4 28. Rfe1 g4 29. Rd3 Rh2+ 0-1

[Event "44th Chess Olympiad Open 2022"]
[Site "Chennai"]
[Date "2022.08.06"]
[Round "8.47"]
[White "Alfaro, William"]
[Black "Munoz Santana, Jose Lisandro"]
[Result "1/2-1/2"]
[WhiteElo "2155"]
[BlackElo "2423"]
[Annotator "TA"]
[PlyCount "120"]
[EventDate "2022.??.??"]
[TimeControl "60"]

1. d4 Nf6 2. Nf3 e6 3. c4 c5 4. d5 d6 5. Nc3 g6 6. e4 Bg7 7. dxe6 Bxe6 8. Bf4 O-O 9. Be2 Qb6 10. Qb3 {[%emt 0:01:59] E91: King's Indian: Classical: 6 Be2, unusual
replies including 6...c5 and 6...Bg4.} (10. Bxd6 Rd8 11. e5 Ne8 $17) 10... Nc6 11. Bxd6 {[%emt 0:08:52] [#]} Rfd8 $146 {[%emt 0:00:00] [#]
White must now prevent ...Nd4.} ({Predecessor:} 11... Rfe8 12. Rd1 Bg4 13. h3
Bxf3 14. gxf3 Nh5 15. Nd5 Qa5+ 16. Kf1 Nd4 17. Qa3 Qxa3 18. bxa3 {0-1 (55)
Szoen,D (2450)-Moldovan,D (2425) Litomysl 2005}) 12. Qxb6 (12.
Bf4 $5 ) 12... axb6 13. Bc7 Rdc8 14. Bg3 (14. Bxb6 $2 Nd7
15. Nd5 Bxd5 16. cxd5 Nb4 $19) 14... Nd4 15. Bd3 Rd8 {[%emt 0:17:04] Threatens to win with ...Nxf3+.} 16. Nd5 (16. O-O-O $11) 16... Bxd5 ({Better is} 16... Nxd5 $17
17. cxd5 Nxf3+ 18. gxf3 Bxb2) 17. exd5 $11 (17. cxd5 $2 c4 18.
Bxc4 (18. Nxd4 $2 cxd3 19. Bh4 Ra4 $17) 18... Nc2+ 19. Ke2 Nxa1 20. Rxa1 Nxe4
$19) 17... Nxf3+ 18. gxf3 Nd7 19. O-O Bxb2 20. Rab1 Rxa2 21. Rfe1 {[%emt 0:02:00] Hoping for Re2.} Bd4 22. Re7 Bf6 23. Re2 (23.
Ree1 $11) 23... Rxe2 $15 24. Bxe2 Re8 25. Kf1 Be5 26. Bd1 Bxg3 27. hxg3 {[%emt 0:00:13] Endgame KRB-KRN} Ra8 {
[%emt 0:00:01] Inhibits Ba4.} 28. f4 h5 29.
d6 Ra2 30. Bf3 Rd2 31. Rd1 (31. Bd5 $11 Kf8 32. Rb3) 31... Rd4 ({Black should try} 31... Rxd1+ $17 32. Bxd1 Kf8) 32. Rxd4 cxd4 33. Bxb7 $11 {[%emt 0:00:05] KB-KN} Kf8 34. Bc6 Nc5 35. Ke2 f6 36. Kd2 ({Much worse is} 36. d7 Ke7 37. Bf3
Kxd7 $17) 36... Kf7 37. Bd5+ ({But not} 37.
f5 gxf5 38. Bf3 Ke6 $17) 37... Ke8 38. Bc6+ Kd8 39. Ke2 f5 40. f3 Ne6 41. Kd3 g5 42. fxg5 {[%emt 0:00:00] f4 is the strong threat.} f4 $1 43. gxf4 h4 $1 {[%emt 0:00:52] And now ...h3 would win.} 44.
f5 Nxg5 45. Kxd4 {[%emt 0:00:00] White wants
to mate with Ke5.} h3 $2 {[%emt 0:00:00] [#]} (45... Nf7 $11) 46. f4 $2 (46. Ke5 $1 {mates} Nf7+ 47. Ke6 Ng5+ 48. Kf6 h2 49. f4 Nh3 50.
Ke5 Nf2 51. f6 Nd3+ 52. Kf5) 46... Nf7 {[%emt 0:00:01] The position is equal.}
47. c5 bxc5+ 48. Kxc5 h2 49. Bh1 Kd7 50. Bc6+ Kc8 51. f6 Nd8 52. Bh1 Kd7 53. Kd5 Nf7 54. Bg2 Nxd6 55. Ke5 Nf7+ 56. Kf5 Ke8 57. Bc6+ Kf8 58. Kg4 Nh6+ 59. Kh3 Ng8 60. Kxh2 Nxf6 {[%emt 0:00:00] Weighted Error Value: White=0.32/Black=0.
21 (precise)} 1/2-1/2

[Event "44th Chess Olympiad Open 2022"]
[Site "Chennai"]
[Date "2022.08.06"]
[Round "8.47"]
[White "Salazar Cabezas, Alberto Javier"]
[Black "Arvelo Leo, Gian Carlo"]
[Result "0-1"]
[WhiteElo "2155"]
[BlackElo "2176"]
[Annotator "NA RC"]
[PlyCount "78"]
[EventDate "2022.??.??"]
[TimeControl "60"]

1. c4 c5 2. Nf3 Nf6 3. Nc3 g6 4. e4 d6 5. d4 cxd4 6. Nxd4 Bg7 7. Be2 O-O 8. Be3 Nc6 9. O-O Bd7 10. h3 Nxd4 11. Bxd4 Bc6 12. Qc2 Nd7 13. Bxg7 Kxg7 14. b4 b6 15. Qb2 Kg8 16. f4 Rc8 17. Bd3 e5 18.
f5 Qh4 19. Qf2 Qxf2+ 20. Rxf2 Nf6 21. g4 g5 22. Rg2 Kg7 23.
Kf2 Rh8 24. Rag1 Ra8 25. Ke3 Kf8 26. Be2 Ke7 27. h4 h6 28. h5 Rhc8 29. Rd1 a6 30. Bf3 Bb5 31. Nxb5 axb5 32. Rgd2 Ra3+ 33. Rd3 Rxd3+ 34. Kxd3 Rxc4 35. Ke3 Rxb4 36. Rd3 d5 37. Ra3 dxe4 38. Be2 Nd5+ 39. Kf2 Ra4 0-1

[Event "44th Chess Olympiad Open 2022"]
[Site "Chennai"]
[Date "2022.08.06"]
[Round "8.48"]
[White "Christie, Joshua"]
[Black "Balogun, Oluwafemi"]
[Result "1-0"]
[WhiteElo "2272"]
[BlackElo "2274"]
[Annotator "NA RC"]
[PlyCount "65"]
[EventDate "2022.??.??"]
[TimeControl "60"]

1. d4 Nf6 2. c4 g6 3. g3 Bg7 4. Bg2 O-O 5. Nc3 c6 6. Nf3 d6 7. O-O Bf5 8. Nh4 Be6 9. d5 Bd7 10. Nf3 cxd5 11. cxd5 Na6 12. Be3 Qa5 13. Qd2 Rfc8 14. Bd4 Nc5 15. e4 b5 16. e5 dxe5 17. Nxe5 b4 18. Nxd7 Ncxd7 19. Nd1 Rab8 20. Ne3 Nc5 21. Nc4 Qb5 22. Ne5 Nce4 23. Qf4 Qxd5 24. Rad1 Rb5 25. Rfe1 Qe6 26. Bxe4 Nh5 27. Qxf7+ Qxf7 28.
Nxf7 Bxd4 29. Rxd4 Kxf7 30. Rd7 Nf6 31. Rxa7 Re5 32. Bxg6+ Ke6 33. Ra6+ 1-0

[Event "44th Chess Olympiad Open 2022"]
[Site "Chennai"]
[Date "2022.08.06"]
[Round "8.48"]
[White "Kigigha, Bomo"]
[Black "Smith, Shreyas"]
[Result "0-1"]
[WhiteElo "2251"]
[BlackElo "2147"]
[Annotator "NA RC"]
[PlyCount "50"]
[EventDate "2022.??.??"]
[TimeControl "60"]

1. c4 c6 2. Nf3 d5 3. g3 Nf6 4. Bg2 dxc4 5. Na3 b5 6. b3 cxb3 7. Qxb3 e6 8. Bb2 Be7 9. Rc1 O-O 10. Ne5 Nd5 11. Nxc6 Nxc6 12. Rxc6 Bb7 13. Rc1 a6 14. O-O Rb8 15. Nc2 Qd7 16. d3 a5 17. d4 Rfc8 18. e4 Nb6 19. Ne3 Nc4 20. Nxc4 bxc4 21. Qc2 c3 22. Ba1 Ba6 23. Rfe1 Ba3 24. Rcd1 Bb5 25. Qb3 Bb2 0-1